 Dungeon Sprint DCSS version 0.23.2 (webtiles) character file.

Game seed: 10696014581609605418

405 nuthulu the Quickloader (level 6, -1/60 HPs)
             Began as a Centaur Hunter on Apr 7, 2019.
             Was a Believer of Qazlal.
             Slain by a wolf (4 damage)
             ... in the Dungeon (Sprint V: "Ziggurat Sprint").
             The game lasted 00:01:37 (292 turns).

nuthulu the Quickloader (Centaur Hunter)             Turns: 292, Time: 00:01:37

Health: -1/60      AC: 23    Str: 20    XL:     6   Next: 56%
Magic:  6/6        EV:  6    Int: 10    God:    Qazlal [**....]
Gold:   0          SH:  3    Dex: 18    Spells: 5/5 levels left

rFire    . . .     SeeInvis +   G - +9 heavy crossbow "Sniper" {velocity, Acc+∞ SInv}
rCold    . . .     Gourm    .   (shield currently unavailable)
rNeg     . . .     Faith    .   o - +15 Maxwell's patent armour {-Cast -Tele rElec MR+ rCorr}
rPois    .         Spirit   .   (no helmet)
rElec    +         Reflect  .   (no cloak)
rCorr    +         Harm     .   (no gloves)
MR       +....     NoTele   +   (no barding) Stlth ..........NoCast +
                                (no amulet)
HPRegen  0.20/turn              F - +6 ring of strength
MPRegen  0.10/turn              A - +6 ring of dexterity

@: very quick
A: large, hooves 3, deformed body, speed 2, tough skin 3
a: Upheaval, Renounce Religion


You were in the Dungeon.
You worshipped Qazlal.
Qazlal was pleased with you.
You were not hungry.

You visited 1 branch

Inventory:

Hand Weapons
 a - a +1 hand crossbow
 b - a +0 short sword
 G - the +9 heavy crossbow "Sniper" (weapon) {velocity, Acc+∞ SInv}
   (You found it in the Dungeon)

   Any bolt fired from it inflicts extra damage.
   It lets you see invisible.
Missiles
 d - 1013 bolts (quivered)
Armour
 c - a +0 leather armour
 o - the +15 Maxwell's patent armour (worn) {-Cast -Tele rElec MR+ rCorr}
   (You found it in the Dungeon)

   It insulates you from electricity.
   It affects your resistance to hostile enchantments.
   It prevents spellcasting.
   It prevents most forms of teleportation.
   It provides partial protection from all sources of acid and corrosion.
Jewellery
 A - a +6 ring of dexterity (right hand)
 B - a +6 ring of dexterity
 C - a +6 ring of intelligence
 D - a +6 ring of intelligence
 E - a +6 ring of strength
 F - a +6 ring of strength (left hand)
 I - the ring of Xenul {EV+1 Dex+5}
   (You found it in the Dungeon)

   [ring of evasion]

   It affects your evasion (+1).
   It affects your dexterity (+5).
Wands
 x - a wand of disintegration (7)
 y - a wand of iceblast (7)
 z - a wand of acid (7)
Scrolls
 k - 4 scrolls of blinking
 r - 4 scrolls of amnesia
 s - 7 scrolls of fog
 t - a scroll of holy word
 u - 5 scrolls of identify
 v - 5 scrolls of remove curse
 w - 2 scrolls of fear
Potions
 e - 10 potions of curing
 g - 10 potions of heal wounds
 h - 6 potions of haste
 i - 7 potions of magic
 j - 3 potions of berserk rage
 l - 2 potions of brilliance
 m - 2 potions of invisibility
 n - 4 potions of resistance
 p - 5 potions of agility
 q - 5 potions of might
Comestibles
 f - 7 rations
 H - 3 chunks of flesh


   Skills:
 + Level 7.5 Fighting
 + Level 11.9 Crossbows
 + Level 5.6 Dodging
 - Level 0.4 Stealth


You had 5 spell levels left.
You didn't know any spells.
Your spell library was empty.

Dungeon Overview and Level Annotations

Branches:
Dungeon (1/1)

Altars:
Ashenzari
Cheibriados
Dithmenos
Elyvilon
Fedhas
Gozag
Hepliaklqana
Kikubaaqudgha
Makhleb
Nemelex Xobeh
Okawaru
Qazlal
Ru
Sif Muna
Trog
Uskayaw
Vehumet
Wu Jian
Xom
Yredelemnul
Zin
The Shining One
Beogh
Jiyva
Lugonu

Annotations:
D 1 transporter


Innate Abilities, Weirdness & Mutations

You have hooves in place of feet.
Armour fits poorly on your strangely shaped body.
You cover ground very quickly.
You have extremely tough skin. (AC +3)


Message History

You shoot a bolt. The bolt hits the black bear!
The black bear is almost dead.
The wolf bites you but does no damage. The wolf bites you.
* * * LOW HITPOINT WARNING * * *
The black bear barely misses you.
The black bear claws you but does no damage. x2
The wolf bites you but does no damage.
The black bear goes berserk!
Unknown command.
Unknown command.
Firing (i - inventory)
d - 1014 bolts (quivered)
Press: ? - help, Shift-Dir - straight line, f/p - black bear
Aim: a black bear (severely wounded, berserk, fast, unusually strong)
You shoot a bolt. The bolt hits the black bear!!
You kill the black bear!
Qazlal accepts your kill.
Your Fighting skill increases to level 7!
The wolf bites you.
* * * LOW HITPOINT WARNING * * *
The wolf bites you.
You die...

▓▓▓▓▓▓▓▓▓▓▓▓▓▓▓▓▓▓▓
▓.8©8.▓.8©8.▓.8©8.▓
▓.:)?.▓.}.".▓.....▓
▓..)..▓.....▓.}.).▓
▓.....▓.....▓...).▓
▓.....▓.....▓..)..▓
▓.(h(.▓..÷÷.▓..©..▓
▓..@(.▓..©..▓▓▓▓▓▓▓
▓▓▓▓▓▓▓▓▓▓▓▓▓


You could see a wolf.

Vanquished Creatures
  A spriggan (D)
  A black bear (D)
  A wolf (D)
  2 orc priests (D)
  2 adders (D)
  A ball python (D)
8 creatures vanquished.

Vanquished Creatures (others)
  A spatial maelstrom (D)
1 creature vanquished.

Grand Total: 9 creatures vanquished

Notes
Turn   | Place    | Note
-------+----------+-------------------------------------------
     0 | D        | Found the +6 Majin-Bo {vamp, Archmagi MP+6 Int+6}
     0 | D        | Found the +7 great mace "Firestarter" {inner flame, rF++}
     0 | D        | nuthulu the Centaur Hunter began the quest for the Orb.
     0 | D        | Reached XP level 1. HP: 17/17 MP: 1/1
     0 | D        | Found a deep blue altar of Sif Muna.
     0 | D        | Found a bloodstained altar of Trog.
     0 | D        | Found a sacrificial altar of Ru.
     0 | D        | Found a stormy altar of Qazlal.
     0 | D        | Found an iron altar of Okawaru.
     1 | D        | Found a sparkling altar of Nemelex Xobeh.
     1 | D        | Found a blossoming altar of Fedhas.
     3 | D        | Found a transporter.
     3 | D        | Found an ancient bone altar of Kikubaaqudgha.
     3 | D        | Found a viscous altar of Jiyva.
     3 | D        | Found a corrupted altar of Lugonu.
     3 | D        | Found a hazy altar of Hepliaklqana.
     3 | D        | Found a burning altar of Makhleb.
     3 | D        | Found an opulent altar of Gozag.
    19 | D        | Found the +6 shillelagh "Devastator" {shatter}
    19 | D        | Found the +11 plutonium sword {*Contam Stlth-}
    19 | D        | Found the +8 lance "Wyrmbane" {slay drac, rPois rF+ rC+
                  | AC+3}
    19 | D        | Found the +9 sword of Zonguldrok {reap}
    19 | D        | Found the cursed +13 scythe of Curses {drain, *Curse}
    19 | D        | Found the +0 sword of Power
    19 | D        | Found the +7 mace of Variability {chain chaos}
    19 | D        | Found the +7 Singing Sword {slice, sonic wave}
    19 | D        | Found the +7 longbow "Piercer" {penet, EV-2}
    20 | D        | Found the +9 heavy crossbow "Sniper" {velocity, Acc+∞ SInv}
    20 | D        | Found the +10 dark maul {crush}
    20 | D        | Found the +15 Maxwell's patent armour {-Cast -Tele rElec
                  | MR+ rCorr}
    20 | D        | Found the +18 shield of the Gong {rElec rN+ MR+ EV-5}
    20 | D        | Found the cursed +14 obsidian axe {chop, +Fly SInv *Curse}
    30 | D        | Reached skill level 9 in Crossbows
    30 | D        | Reached XP level 2. HP: 24/24 MP: 2/2
    45 | D        | Banished a spatial maelstrom
    79 | D        | Became a worshipper of Qazlal Stormbringer
    89 | D        | Entered arena 2.
    89 | D        | Found a transporter.
    91 | D        | Reached XP level 3. HP: 31/31 MP: 3/3
   162 | D        | Entered arena 3.
   162 | D        | Found a transporter.
   164 | D        | Reached * piety under Qazlal
   164 | D        | Reached skill level 10 in Crossbows
   164 | D        | Reached XP level 4. HP: 33/40 MP: 4/4
   283 | D        | Got the ring of Xenul {EV+1 Dex+5}
   286 | D        | Entered arena 4.
   286 | D        | Noticed a spriggan
   286 | D        | Noticed a wolf
   286 | D        | Noticed a black bear
   286 | D        | Noticed a wolf
   286 | D        | Found a transporter.
   289 | D        | Killed a wolf
   289 | D        | Reached ** piety under Qazlal
   289 | D        | Reached skill level 5 in Fighting
   289 | D        | Reached XP level 5. HP: 21/48 MP: 5/5
   290 | D        | Killed a spriggan
   290 | D        | Reached skill level 11 in Crossbows
   290 | D        | Reached skill level 5 in Dodging
   290 | D        | Reached XP level 6. HP: 17/58 MP: 6/6
   292 | D        | HP: 3/60 [wolf (5)]
   292 | D        | Slain by a wolf

Skill      XL: |  1  2  3  4  5  6 |
---------------+-------------------+-----
Crossbows      | 9 10 11 | 11.9
Fighting       | 3 4 5 6 7 |  7.5
Dodging        | 2 3 4 5 |  5.6
Stealth        | |  0.4

Action                   |  1- 3 |  4- 6 || total
-------------------------+-------+-------++-------
 Fire: Heavy crossbow    |     5 |     8 ||    13
  Use: Potion            |     1 |       ||     1
Armor: Plate armour      |     1 |    35 ||    36
Dodge: Dodged            |       |    10 ||    10
Block: Other             |       |     4 ||     4
